 Dungeon Crawl Stone Soup version 0.22.1-1-ga44c0e56f4 (webtiles) character file.

45 JedernureinKreuz the Conjurer (level 3, -7/26 HPs)
             Began as a Demigod Conjurer on Sept 21, 2018.
             Mangled by a worm (10 damage)
             ... on level 2 of the Dungeon.
             The game lasted 00:04:05 (987 turns).

JedernureinKreuz the Conjurer (Demigod Conjurer)     Turns: 987, Time: 00:04:05

Health: -7/26      AC:  3    Str: 11    XL:     3   Next: 25%
Magic:  0/8        EV: 11    Int: 21    God:
Gold:   37         SH:  3    Dex: 16    Spells: 4/5 levels left

rFire    . . .     SeeInvis .   d - +0 dagger
rCold    . . .     Gourm    .   h - +0 buckler (curse)
rNeg     . . .     Faith    .   e - +0 leather armour
rPois    .         Spirit   .   (no helmet)
rElec    .         Reflect  .   (no cloak)
rCorr    .         Harm     .   (no gloves)
MR       .....                  (no boots)
Stlth    ++........             (no amulet)
HPRegen  0.08/turn              (no ring)
MPRegen  0.11/turn              (no ring)

@: very slightly contaminated
A: high mp 1
a: no special abilities


You were on level 2 of the Dungeon.
You were not hungry.

You visited 1 branch of the dungeon, and saw 2 of its levels.

You collected 37 gold pieces.

Inventory:

Hand Weapons
 d - a +0 dagger (weapon)
Missiles
 b - 7 javelins (quivered)
 f - 5 sling bullets
Armour
 a - a +0 robe
 e - a +0 leather armour (worn)
 h - a cursed +0 buckler (worn)
Scrolls
 i - 3 scrolls of teleportation {unknown}
 j - a scroll of identify {unknown}
 m - a scroll of noise {unknown}
Potions
 k - a potion of cancellation {unknown}
 l - a potion of haste {unknown}
Comestibles
 c - 4 rations
 g - 7 chunks of flesh


   Skills:
 + Level 0.2 Short Blades
 + Level 0.2 Armour
 + Level 2.0 Dodging
 + Level 1.9 Stealth
 + Level 1.9 Spellcasting
 + Level 4.4 Conjurations


You had 4 spell levels left.
You knew the following spells:

 Your Spells              Type           Power        Failure   Level  Hunger
a - Magic Dart            Conj           ###.         5%          1    #......

Your spell library contained the following spells:

 Spells                   Type           Power        Failure   Level  Hunger
 Searing Ray              Conj           ###...       8%          2    ###....
 Dazzling Spray           Conj/Hex       ##....       36%         3    ###....
 Iskenderun's Mystic Bla  Conj           ###.....     45%         4    #####..
 Force Lance              Conj/Tloc      ##......     78%         4    #####..
 Fulminant Prism          Conj/Hex       ##........   78%         4    #####..


Dungeon Overview and Level Annotations

Branches:
Dungeon (2/15)


Innate Abilities, Weirdness & Mutations

You have an increased reservoir of magic. (+10% MP)


Message History

Confirm with . or Enter, or press ? or * to list all spells.
Aiming: Magic Dart (safe; 5% risk of failure)
Press: ? - help, Shift-Dir - straight line, f/p - worm
Aim: a worm (moderately wounded)
The magic dart hits the worm.
The worm is severely wounded.
The worm bites you but does no damage.
You hit the worm but do no damage.
The worm is severely wounded.
You block the worm's attack.
You hit the worm.
The worm is severely wounded.
You hit the worm.
The worm is almost dead.
The worm bites you!
* * * LOW HITPOINT WARNING * * *
You hit the worm.
The worm is almost dead.
The worm bites you!
You die...

#.. #..# ## ###..##..#
... ........## ....
........##
###..##..##....
#.#........##..#
#.#........##..#######
.......................
............###@.......
..............w#####..
###.##.##...###...#
#...........# #÷..#
+...........#
#...###.##.
#........#..#
#÷...††....
.###.##.###..#
#.#####.##.
.............# #..
.###.######..# #...


You could see a worm.

Vanquished Creatures
  2 oozes (D:1)
  A leopard gecko (D:1)
  5 bats
  3 giant cockroaches (D:1)
  8 goblins (D:1)
  3 hobgoblins
  3 jackals (D:2)
  2 frilled lizards
  2 kobolds (D:1)
  A rat (D:1)
30 creatures vanquished.

Notes
Turn   | Place    | Note
-------+----------+-------------------------------------------
     0 | D:1      | JedernureinKreuz the Demigod Conjurer began the quest for
                  | the Orb.
     0 | D:1      | Reached XP level 1. HP: 14/14 MP: 5/5
   103 | D:1      | Reached skill level 4 in Conjurations
   110 | D:1      | Reached XP level 2. HP: 20/20 MP: 0/7
   741 | D:1      | Reached XP level 3. HP: 26/26 MP: 8/8
   987 | D:2      | Mangled by a worm

Skill      XL: |  1  2 |
---------------+-------+-----
Conjurations   | 4 |  4.4
Dodging        | 2 |  2.0
Short Blades   | |  0.2
Armour         | |  0.2
Stealth        | |  1.9
Spellcasting   | |  1.9

Action                   || total
-------------------------++-------
Melee: Unarmed           ||     2
       Dagger            ||    31
 Cast: Magic Dart        ||    50
 Stab: Sleeping          ||     1
  Eat: Chunk             ||     1
Armor: Robe              ||     1
       Leather armour    ||     4
Dodge: Dodged            ||    24
Block: Buckler           ||     4
